 Dungeon Crawl Stone Soup version 0.21-a0-348-ga060c75 (webtiles) character file.

25866 HeySoSerious the Severer (level 12, -4/115 HPs)
             Began as a Minotaur Berserker on July 16, 2017.
             Was a High Priest of Trog.
             Slain by a redback (14 damage)
             ... on level 1 of the Spider Nest on Oct 7, 2017.
             The game lasted 00:59:57 (13313 turns).

HeySoSerious the Severer (Minotaur Berserker)      Turns: 13313, Time: 00:59:58

Health: -4/115     AC:  9    Str: 27    XL:     12   Next: 93%
Magic:  11/11      EV: 14    Int:  4    God:    Trog [*****.]
Gold:   814        SH:  6    Dex: 13    Spells: 11/11 levels left

rFire    . . .     SeeInvis .   b - +2 battleaxe (venom)
rCold    + + .     Gourm    .   (shield currently unavailable)
rNeg     + . .     Faith    .   D - +3 chain mail {rC+}
rPois    .         Spirit   .   l - +2 hat {MR+}
rElec    .         Reflect  +   (no cloak)
rCorr    .         Harm     .   (no gloves)
MR       +....                  (no boots)
Stlth    ..........             J - +6 amulet of reflection
HPRegen  0.29/turn              e - +3 ring of dexterity
MPRegen  0.12/turn              m - ring of the Moon {*Corrode +Blink rC+ rN+}

@: corroded
A: retaliatory headbutt, horns 2
a: Berserk, Trog's Hand, Brothers in Arms, Burn Spellbooks, Renounce Religion,
Evoke Blink


You were on level 1 of the Spider Nest.
You worshipped Trog.
Trog was extremely pleased with you.
You were not hungry.

You visited 3 branches of the dungeon, and saw 15 of its levels.
You visited the Abyss 1 time.

You collected 814 gold pieces.

Inventory:

Hand Weapons
 b - a +2 battleaxe of venom (weapon)
 L - a +6 antimagic executioner's axe
Armour
 l - a +2 hat of magic resistance (worn)
 D - a +3 chain mail of cold resistance (worn)
Jewellery
 a - an uncursed amulet of faith {unknown}
 e - a +3 ring of dexterity (left hand)
 m - the ring of the Moon (right hand) {*Corrode +Blink rC+ rN+}
   (You found it on level 6 of the Dungeon)

   [ring of positive energy]

   It protects you from cold.
   It protects you from negative energy.
   It lets you blink.
   It may corrode you when you take damage.
 J - a +6 amulet of reflection (around neck)
Wands
 y - a wand of scattershot (3/9)
 C - a wand of iceblast (10/15)
 K - a wand of polymorph (12/24)
Scrolls
 d - 9 scrolls of enchant weapon
 h - 10 scrolls of identify
 j - 5 scrolls of teleportation
 n - 2 scrolls of fog
 r - 3 scrolls of fear
 t - 3 scrolls of remove curse
 v - 2 scrolls of recharging {unknown}
 z - a scroll of magic mapping {unknown}
 G - 2 scrolls of brand weapon {unknown}
 H - a scroll of vulnerability {unknown}
Potions
 f - 2 potions of mutation {unknown}
 k - a potion of haste {unknown}
 p - a potion of berserk rage {unknown}
 q - 3 potions of lignification {unknown}
 s - 2 potions of invisibility {unknown}
 u - 2 potions of heal wounds {unknown}
 w - 3 potions of brilliance
 A - 4 potions of curing
 B - a potion of ambrosia {unknown}
 E - 2 potions of resistance {unknown}
 F - 2 potions of agility
 I - a potion of magic {unknown}
 N - a potion of degeneration {unknown}
Books
 x - a book of Flames

   Spells                             Type                      Level
   a - Flame Tongue                   Conjuration/Fire             1
   b - Throw Flame                    Conjuration/Fire             2
   c - Conjure Flame                  Conjuration/Fire             3
   d - Inner Flame                    Hexes/Fire                   3
   e - Sticky Flame                   Conjuration/Fire             4
   f - Fireball                       Conjuration/Fire             5
   Trog disapproves of the use of such an item.
Comestibles
 c - 12 bread rations
 g - 6 royal jellies
 i - 9 meat rations
 o - 8 fruits
 M - 4 chunks of flesh


   Skills:
 + Level 13.3 Fighting
 * Level 17.7 Axes
 - Level 2.4 Armour
 + Level 11.9 Dodging


You had 11 spell levels left.
You didn't know any spells.

Dungeon Overview and Level Annotations

Branches:
Dungeon (11/15)            Temple (0/1) D:5            Lair (3/6) D:11
 Spider (1/4) Lair:3          Orc (0/2) D:11
  Swamp: Lair:2-4    Shoals: Lair:2-4

Altars:
Ashenzari
Elyvilon
Fedhas
Gozag
Nemelex Xobeh
Qazlal
Ru
Sif Muna
Trog
Uskayaw
Wu Jian
Xom
Yredelemnul
The Shining One

Shops:
D:6 *   D:7 (

Portals:
Trove: D:11 (give 12 potions of heal wounds)

Annotations:
Lair:3 exclusion: oklob plant


Innate Abilities, Weirdness & Mutations

You reflexively headbutt those who attack you in melee.
You have a pair of horns on your head.


Message History

The jumping spider leaps!
You block the redback's attack.
You hit the redback.
The redback looks as sick as possible!
The redback is lightly wounded.
You barely miss the redback.
You feel sick. The redback bites you!
* * * LOW HITPOINT WARNING * * *
You block the redback's attack.
You feel better. The jumping spider misses you. You furiously retaliate!
You headbutt the jumping spider. The jumping spider barely misses you.
The redback completely misses you.
The redback bites you but does no damage.
You block the jumping spider's attack. x2; The redback bites you.
* * * LOW HITPOINT WARNING * * *
The redback bites you but does no damage.
Quiver which item? (- for none, * to show all) (? for menu, Esc to quit)
Okay, then.
You feel better. The jumping spider pounces on you!
* * * LOW HITPOINT WARNING * * *
Your corrosive artefact corrodes you!
The jumping spider barely misses you. The redback bites you!
You die...

... # ## .. ..
#.##.s ...)#
##....##
......##.#.#..#
..#...#....#..#
..#..s##....###
....#@s.s§...#
##..#s#.#.##.#
###...#.###.# .
#..##...#.##..^#
#..#..^.....#
##....##.....>#
#.#..##.##.#.#)#
#..#..>.....#.#
##.....#..##.#


You could see an orb spider, a jumping spider and 2 redbacks.

Vanquished Creatures
  Gastronok (D:11)
  A hydra (Lair:2)
  A centaur warrior (D:11)
  A death yak (Lair:2)
  3 two-headed ogres
  An unseen horror (D:10)
  The ghost of Xonor the Fighter, a novice OgCK of Xom (D:7)
  Pikel (D:6)
  A wolf spider (Spider:1)
  Joseph (D:7)
  A torpor snail (Lair:2)
  Psyche (D:9)
  3 spiny frogs
  A demonic crawler (Spider:1)
  5 komodo dragons
  A troll (D:11)
  A jumping spider (Spider:1)
  Prince Ribbit (D:6)
  Grinder (D:6)
  A hippogriff (Lair:3)
  4 redbacks (Spider:1)
  4 tarantellas (Spider:1)
  A spriggan (D:7)
  35 yaks
  Eustachio (D:6)
  2 soldier ants (D:11)
  Menkaure (D:7)
  6 porcupines
  5 water moccasins
  2 ice beasts
  4 orc warriors
  A sky beast (D:11)
  3 black bears
  3 phantoms
  A necrophage (D:7)
  4 wolves (Lair:3)
  5 ogres
  10 centaurs
  6 crocodiles
  2 big kobolds
  9 bullfrogs
  4 scorpions
  A wyvern skeleton (D:7)
  A howler monkey (D:5)
  4 crimson imps
  A bullfrog zombie (D:7)
  5 centaur skeletons
  A hound (D:9)
  3 orc priests
  2 jellies
  10 orc wizards
  Terence (D:2)
  9 worker ants
  3 killer bee zombies
  A hound zombie (D:7)
  3 hound skeletons
  Robin (D:3)
  2 worker ant zombies
  A gnoll (D:4)
  11 adders
  2 howler monkey skeletons
  6 worms
  A dart slug (D:1)
  3 leopard geckos
  28 orcs
  A ball python (D:7)
  12 bats
  11 hobgoblins
  9 jackals
  20 kobolds
  4 quokkas
  A frilled lizard (D:2)
  12 goblins
  A jackal skeleton (D:8)
  A quokka zombie (D:7)
  4 rats (D:1)
  3 fungi
  A plant (D:11)
321 creatures vanquished.

Vanquished Creatures (collateral kills)
  A hydra (Lair:2)
  A hungry ghost (D:11)
  An acid dragon (D:10)
  A quokka (D:11)
4 creatures vanquished.

Vanquished Creatures (others)
  A centaur (D:11)
  An orc (D:8)
  A jackal (D:2)
  A fungus (Lair:1)
  A plant (D:11)
5 creatures vanquished.

Grand Total: 330 creatures vanquished

Notes
Turn   | Place    | Note
-------+----------+-------------------------------------------
     0 | D:1      | HeySoSerious the Minotaur Berserker began the quest for the Orb.
     0 | D:1      | Reached XP level 1. HP: 19/19 MP: 0/0
   222 | D:1      | Reached skill level 4 in Axes
   240 | D:1      | Reached XP level 2. HP: 24/27 MP: 1/1
  1047 | D:2      | Reached XP level 3. HP: 23/33 MP: 2/2
  1048 | D:2      | Found a shattered altar of Ashenzari.
  1055 | D:2      | Found a bloodstained altar of Trog.
  1162 | D:2      | Found an opulent altar of Gozag.
  1169 | D:2      | Found a deep blue altar of Sif Muna.
  1169 | D:2      | Found a hide-covered altar of Uskayaw.
  1169 | D:2      | Found a shimmering altar of Xom.
  1169 | D:2      | Found a blossoming altar of Fedhas.
  1170 | D:2      | Found a white marble altar of Elyvilon.
  1170 | D:2      | Found an ornate altar of the Wu Jian Council.
  1174 | D:2      | Found a stormy altar of Qazlal.
  1228 | D:2      | Noticed Terence
  1234 | D:2      | Killed Terence
  1234 | D:2      | Reached skill level 5 in Axes
  1259 | D:2      | Found a glowing golden altar of the Shining One.
  1300 | D:2      | Reached ** piety under Trog
  1305 | D:2      | Reached XP level 4. HP: 29/41 MP: 3/3
  1398 | D:2      | Upgraded the game from 0.21-a0-128-gf2b353c to 0.21-a0-348-ga060c75
  1563 | D:2      | Found a basalt altar of Yredelemnul.
  1598 | D:2      | Noticed an angel
  1763 | D:3      | Noticed Robin
  1769 | D:3      | Killed Robin
  2019 | D:3      | Reached skill level 6 in Axes
  2255 | D:3      | Reached XP level 5. HP: 41/47 MP: 4/4
  2354 | D:4      | Noticed an ogre
  2358 | D:4      | Reached *** piety under Trog
  2361 | D:4      | Killed an ogre
  2361 | D:4      | Reached skill level 5 in Fighting
  2434 | D:4      | Reached XP level 6. HP: 49/56 MP: 5/5
  2456 | D:4      | HP: 2/56 [gnoll/spear (4)]
  2458 | D:5      | Entered Level 5 of the Dungeon
  2695 | D:5      | Reached skill level 7 in Axes
  2891 | D:5      | Found a staircase to the Ecumenical Temple.
  3068 | D:5      | Found a sacrificial altar of Ru.
  3105 | D:5      | Reached XP level 7. HP: 57/62 MP: 6/6
  3393 | D:6      | Reached skill level 8 in Axes
  3439 | D:6      | Found Ariadwo's General Store.
  3662 | D:6      | Got a crude iron ring
  3810 | D:6      | Noticed Pikel
  3828 | D:6      | Killed Pikel
  3828 | D:6      | Reached skill level 9 in Axes
  3828 | D:6      | Reached skill level 5 in Dodging
  3828 | D:6      | Reached XP level 8. HP: 65/73 MP: 7/7
  3842 | D:6      | Noticed Prince Ribbit
  3852 | D:6      | Killed Prince Ribbit
  3852 | D:6      | Reached **** piety under Trog
  3852 | D:6      | Reached skill level 10 in Axes
  4066 | D:6      | Noticed Grinder
  4070 | D:6      | Killed Grinder
  4252 | D:6      | Found a sparkling altar of Nemelex Xobeh.
  4272 | D:6      | Noticed Eustachio
  4290 | D:6      | Killed Eustachio
  4403 | D:7      | Reached XP level 9. HP: 65/81 MP: 8/8
  4431 | D:7      | Found Lirew's Weapon Emporium.
  4504 | D:7      | Reached skill level 11 in Axes
  4529 | D:7      | Noticed Joseph
  4540 | D:7      | Killed Joseph
  4964 | D:7      | Noticed Xonor's ghost (novice OgCK)
  4974 | D:7      | Killed Xonor's ghost
  4974 | D:7      | Reached skill level 12 in Axes
  5252 | D:7      | Noticed Menkaure
  5260 | D:7      | Killed Menkaure
  5441 | D:7      | Identified the ring of the Moon {*Corrode +Blink rC+ rN+} (You found it on level 6 of the Dungeon)
  5830 | D:8      | Reached XP level 10. HP: 91/91 MP: 9/9
  6077 | D:8      | Noticed a two-headed ogre
  6086 | D:8      | Killed a two-headed ogre
  6086 | D:8      | Reached skill level 13 in Axes
  6564 | D:8      | Found a runed door.
  6566 | D:8      | Found a basalt altar of Yredelemnul.
  6940 | D:9      | Noticed a two-headed ogre
  6951 | D:9      | Killed a two-headed ogre
  6951 | D:9      | Reached skill level 10 in Fighting
  7129 | D:9      | Reached ***** piety under Trog
  7696 | D:9      | Noticed Psyche
  7714 | D:9      | Cast into level 2 of the Abyss (Psyche)
  7714 | Abyss:2  | Found a corrupted altar of Lugonu.
  7737 | D:9      | Escaped the Abyss
  7739 | D:9      | Killed Psyche
  8163 | D:10     | Entered Level 10 of the Dungeon
  8362 | D:10     | Reached skill level 14 in Axes
  8517 | D:10     | Killed an unseen horror
  8517 | D:10     | Reached XP level 11. HP: 81/101 MP: 10/10
  9154 | D:11     | Noticed a centaur warrior
  9158 | D:11     | Received a gift from Trog
  9158 | D:11     | Reached skill level 15 in Axes
  9161 | D:11     | Killed a centaur warrior
  9161 | D:11     | Reached skill level 10 in Dodging
  9534 | D:11     | Found a portal to a secret trove of treasure.
  9644 | D:11     | Found a staircase to the Orcish Mines.
  9661 | D:11     | Noticed a two-headed ogre
  9671 | D:11     | Killed a two-headed ogre
 10228 | D:11     | Noticed Gastronok
 10252 | D:11     | Killed Gastronok
 10252 | D:11     | Reached skill level 16 in Axes
 10470 | D:11     | Found a staircase to the Lair.
 10484 | Lair:1   | Entered Level 1 of the Lair of Beasts
 10569 | Lair:1   | Reached XP level 12. HP: 90/112 MP: 11/11
 11397 | Lair:2   | Noticed an eight-headed hydra
 11404 | Lair:2   | Killed an eight-headed hydra
 11602 | Lair:2   | Noticed a death yak
 11609 | Lair:2   | Killed a death yak
 11612 | Lair:2   | Reached skill level 17 in Axes
 11764 | Lair:2   | Noticed a seven-headed hydra
 11779 | Lair:2   | Killed an 11-headed hydra
 12476 | Lair:3   | Found a hole to the Spider Nest.
 13226 | Spider:1 | Entered Level 1 of the Spider Nest
 13313 | Spider:1 | Slain by a redback

Vault maps used:
D:1:      dpeg_arrival_subterranean_lakeside_camping, kennysheep_minor_cross
D:2:      grunt_temple_overflow_holy_war, minitemple, uniq_terence
D:3:      uniq_robin
D:5:      lemuel_crystal_altar, minmay_temple_entry_butterflies, first_bread
D:6:      serial_shops, nicolae_shop_statue_plus, nemelex_diamond_rough_becter,
          uniq_grinder, uniq_prince_ribbit1, uniq_pikel, uniq_eustachio
D:7:      serial_shops, nicolae_shop_trees, the_bakery, uniq_joseph,
          uniq_menkaure
D:8:      dk_yredelemnul_ordeal
D:9:      uniq_psyche
D:11:     grunt_lair_entry_orc_guard_hut, orc_0_dummy, enter_trove_3,
          uniq_gastronok
Lair:1:   serial_bayou_pond_d, grunt_megastairs_3
Lair:2:   lemuel_fruit_tree
Lair:3:   dpeg_oklob_gauntlet, dummy_spider_entry
Spider:1: spider_trap

Skill      XL: |  1  2  3  4  5  6  7  8  9 10 11 12 |
---------------+-------------------------------------+-----
Axes           | 4 5 6 7 9 10 12 14 16 17 | 17.7
Fighting       | 4 5 7 8 9 10 12 13 | 13.3
Dodging        | 3 5 6 7 9 10 11 | 11.9
Armour         | |  2.4

Action                   |  1- 3 |  4- 6 |  7- 9 | 10-12 || total
-------------------------+-------+-------+-------+-------++-------
Melee: Hand axe          |    40 |       |       |       ||    40
       Headbutt          |    12 |    16 |    34 |   126 ||   188
       War axe           |    24 |    93 |   145 |   268 ||   530
       Battleaxe         |       |       |       |   211 ||   211
       Executioner's axe |       |       |       |    27 ||    27
Invok: Berserk           |     1 |     3 |     5 |     6 ||    15
       Trog's Hand       |       |       |     1 |       ||     1
       Brothers in Arms  |       |       |       |     6 ||     6
       Burn Spellbooks   |       |       |       |     1 ||     1
Evoke: Wand              |       |       |       |     2 ||     2
  Use: Scroll            |     2 |     1 |     9 |     5 ||    17
       Potion            |       |     1 |       |     2 ||     3
  Eat: Chunk             |     2 |     6 |     4 |    24 ||    36
       Meat ration       |       |     1 |     1 |     1 ||     3
       Fruit             |       |       |     1 |     3 ||     4
Armor: Animal skin       |     7 |       |       |       ||     7
       Chain mail        |     5 |    64 |    46 |   145 ||   260
Dodge: Dodged            |    43 |    48 |    65 |   243 ||   399
Block: Other             |       |       |       |    82 ||    82
       Reflection        |       |       |       |    11 ||    11

Table legend:
 A = Spawn XP
 B = Non-spawn XP
 C = Spawn XP percentage of total XP
 D = Spawn monster count
 E = Non-spawn monster count
 F = Spawn count percentage of total count
 G = Total turns spent on level
                    A         B        C        D         E        F      G
               +---------+---------+-------+---------+---------+-------+---------
         Total |       0 |   36831 |   0.0 |       0 |     284 |   0.0 | 11915
               +---------+---------+-------+---------+---------+-------+---------
           D:3 |       0 |      89 |   0.0 |       0 |      26 |   0.0 |   598
           D:4 |       0 |     188 |   0.0 |       0 |      11 |   0.0 |   104
           D:5 |       0 |     430 |   0.0 |       0 |      15 |   0.0 |   929
           D:6 |       0 |    1811 |   0.0 |       0 |       9 |   0.0 |   984
           D:7 |       0 |    2749 |   0.0 |       0 |      31 |   0.0 |  1447
           D:8 |       0 |    1915 |   0.0 |       0 |      33 |   0.0 |  1210
           D:9 |       0 |    1965 |   0.0 |       0 |      19 |   0.0 |  1112
          D:10 |       0 |    5086 |   0.0 |       0 |      34 |   0.0 |   932
          D:11 |       0 |    7115 |   0.0 |       0 |      40 |   0.0 |  1389
        Lair:1 |       0 |    5158 |   0.0 |       0 |      25 |   0.0 |   889
        Lair:2 |       0 |    4832 |   0.0 |       0 |      16 |   0.0 |  1014
        Lair:3 |       0 |    2548 |   0.0 |       0 |      14 |   0.0 |   839
      Spider:1 |       0 |    2945 |   0.0 |       0 |      11 |   0.0 |    87
               +---------+---------+-------+---------+---------+-------+---------
